 Dungeon Crawl Stone Soup version 0.28.0-53-g5a82cb258f (webtiles) character file.

Game seed: 13049227251694859337

63 MiltankisOP the Skirmisher (level 4, -1/33 HPs)
             Began as an Octopode Monk on July 14, 2022.
             Slain by Natasha (4 damage)
             ... on level 2 of the Dungeon.
             The game lasted 00:01:24 (1861 turns).

MiltankisOP the Skirmisher (Octopode Monk)          Turns: 1861, Time: 00:01:24

Health: -1/33      AC:  1    Str: 10    XL:     4   Next: 9%
Magic:  4/4        EV: 14    Int: 12    God:
Gold:   54         SH:  0    Dex: 16    Spells: 3/3 levels left

rFire   . . .      SeeInvis .     - Unarmed
rCold   . . .      Faith    .   (no shield)
rNeg    . . .      Spirit   .   (helmet restricted)
rPois   .          Reflect  .   (no amulet)
rElec   .          Harm     .   (no ring)
rCorr   .          Rampage  .   (no ring)
Will    .....                   (no ring)
Stlth   +++.......              (no ring)
HPRegen 0.11/turn               (no ring)
MPRegen 0.09/turn               (no ring)
                                (no ring)
                                (no ring)

@: no status effects
A: almost no armour, amphibious, 8 rings, camouflage 1, gelatinous body 1,
(nimble swimmer 1), tentacles
a: no special abilities


You were on level 2 of the Dungeon.
You visited 1 branch of the dungeon, and saw 2 of its levels.

You collected 54 gold pieces.

Inventory:

Scrolls
 b - a scroll of holy word {unknown}
 c - a scroll of enchant weapon {unknown}
Potions
 a - 2 potions of degeneration {unknown}


   Skills:
 + Level 4.0 Fighting
 + Level 4.0 Dodging
 - Level 2.6 Stealth
 - Level 3.0 Unarmed Combat


You had 3 spell levels left.
You didn't know any spells.
Your spell library was empty.

Dungeon Overview and Level Annotations

Branches:
Dungeon (2/15)

Altars:

Annotations:
D:2 Natasha


Innate Abilities, Weirdness & Mutations

You cannot wear most types of armour.
You are amphibious.
You can wear up to eight rings at the same time.
Your skin changes colour to match your surroundings (Stealth+).
Your rubbery body absorbs attacks. (AC +1, EV +1)
((You are camouflaged when in or above water. (Stealth+)))
You have tentacles for arms and can constrict up to eight enemies at once.


Message History

A rat and a goblin come into view.
There are monsters nearby!
There are monsters nearby!
Natasha, Servant of Life and Death comes into view.
A ball python comes into view.
Found a stone staircase leading down.
Natasha mumbles some strange words.
Natasha mumbles some strange words.
An endoplasm comes into view.
You barely miss the rat. You grab the rat. You constrict the rat.
The rat closely misses you.
You tentacle-slap the rat.
You kill the rat!
Natasha stares at you and mumbles some strange words.
The magic dart hits you!
The crimson imp blinks!
The white imp gestures at you. The puff of frost hits you!
Natasha casts a spell at you. You resist with some effort.
The white imp gestures at you. The puff of frost hits you!
* * * LOW HITPOINT WARNING * * *
You barely miss Natasha. Your grab misses Natasha. Your squeeze misses Natasha.
Natasha barely misses you.
You tentacle-slap Natasha. You grab Natasha.
Natasha is moderately wounded.
You constrict Natasha, but do no damage.
Natasha closely misses you.
You tentacle-slap Natasha but do no damage.
Natasha is moderately wounded.
You constrict Natasha, but do no damage.
Natasha closely misses you.
You tentacle-slap Natasha.
Natasha is heavily wounded.
You constrict Natasha. Natasha barely misses you.
You tentacle-slap Natasha.
Natasha is severely wounded.
You constrict Natasha. Natasha claws you.
You die...

#############....[......[...#.#.
............................# #
#.........................#.
...#...........................#
...#.................<..........
...#.........#........<.........
.............##.....#...........
.............###########........
..............5h@...............
.....#>.......5###..J..........
#............### ##### .....
###...†......######## ....
##.........$....... ####
####..............
#.............. #.....h5........
#...5....!.......


You could see Natasha, a crimson imp (summoned), a white imp (summoned) and an
endoplasm (asleep).

Vanquished Creatures
  An adder (D:2)
  3 gnolls
  2 endoplasms (D:1)
  2 giant cockroaches
  2 goblins (D:1)
  2 hobgoblins (D:1)
  4 jackals (D:1)
  A ball python (D:1)
  2 bats
  3 frilled lizards
  A kobold (D:1)
  4 rats
27 creatures vanquished.

Notes
Turn   | Place    | Note
-------+----------+-------------------------------------------
     0 | D:1      | MiltankisOP the Octopode Monk began the quest for the Orb.
     0 | D:1      | Reached XP level 1. HP: 16/16 MP: 1/1
   427 | D:1      | Reached XP level 2. HP: 9/21 MP: 2/2
  1302 | D:1      | Reached XP level 3. HP: 15/27 MP: 3/3
  1695 | D:2      | Reached XP level 4. HP: 26/33 MP: 4/4
  1842 | D:2      | Noticed Natasha
  1861 | D:2      | Slain by Natasha

Illustrated notes

Levels and vault maps discovered:
D:1:      dpeg_arrival_simpleton_c, layout_basic, serial_rivers,
          chequers_serial_rivers_micro_c, chequers_serial_rivers_micro_d,
          chequers_serial_rivers_small_3, chequers_serial_rivers_micro_c,
          chequers_serial_rivers_marsh
D:2:      layout_rooms, ebering_ecumenical_altar_ruins, corexii_hall_statues_i,
          uniq_natasha, uniq_terence

Skill      XL: |  1  2  3 |
---------------+----------+-----
Fighting       | 4 |  4.0
Dodging        | 4 |  4.0
Stealth        | |  2.6
Unarmed Combat | |  3.0

Action                   |  1- 3 |  4- 6 || total
-------------------------+-------+-------++-------
Melee: Unarmed           |    52 |     8 ||    60
       Constrict         |    15 |     2 ||    17
       Tentacles         |    12 |       ||    12
       Punch             |     1 |       ||     1
 Stab: Sleeping          |     4 |       ||     4
Armor: Skin              |     5 |       ||     5
Dodge: Dodged            |    35 |     5 ||    40
